 Dungeon Crawl Stone Soup version 0.29.1-15-g9cfb28693d (webtiles) character file.

Game seed: 7498666854879510760

206 monsoonserge the Sneak (level 5, -2/29 HPs)
             Began as a Vampire Enchanter on Apr 25, 2023.
             Slain by an orc
             ... wielding a +0 trident
              (3 damage)
             ... on level 4 of the Dungeon.
             The game lasted 00:12:18 (3292 turns).

monsoonserge the Sneak (Vampire Enchanter)          Turns: 3292, Time: 00:12:20

Health: -2/29      AC:  3    Str:  7    XL:     5   Next: 53%
Magic:  1/8        EV: 13    Int: 20    God:
Gold:   135        SH:  0    Dex: 14    Spells: 3/8 levels left

rFire   . . .      SeeInvis +   a - +1 dagger
rCold   + + .      Faith    .   (no shield)
rNeg    + + +      Spirit   .   b - +0 robe
rPois   ∞          Reflect  .   (no helmet)
rElec   .          Harm     .   n - +0 cloak
rCorr   .          Rampage  .   (no gloves)
Will    +....                   (no boots)
Stlth   +++++.....              (no amulet)
HPRegen 0.00/turn               r - ring of willpower
MPRegen 0.11/turn               (no ring)

@: brilliant, very slightly contaminated, bloodless, inhibited regen
A: bloodless, fangs 3, see invisible, vampiric 2
a: Bat Form, Revivify


You were on level 4 of the Dungeon.
You visited 1 branch of the dungeon, and saw 4 of its levels.

You collected 135 gold pieces.

Inventory:

Hand Weapons
 a - a +1 dagger (weapon)
 i - a +0 sling
 k - a +1 whip of pain
 x - a +1 whip of flaming
Missiles
 d - 68 stones
 e - 6 javelins
 o - 2 atropa-tipped darts
 w - 4 boomerangs (quivered)
Armour
 b - a +0 robe (worn)
 n - a +0 cloak (worn)
 t - a +0 ring mail
Magical Staves
 p - a staff of death
Jewellery
 r - a ring of willpower (left hand)
Scrolls
 f - a scroll of fear {unknown}
 g - 4 scrolls of identify {unknown}
 h - a scroll of teleportation {unknown}
 j - 2 scrolls of immolation {unknown}
 l - a scroll of brand weapon {unknown}
 q - a scroll of enchant armour {unknown}
 u - a scroll of amnesia {unknown}
Potions
 c - 2 potions of invisibility
 m - a potion of brilliance
 s - a potion of curing
 v - a potion of attraction {unknown}


   Skills:
 + Level 1.0 Fighting
 + Level 2.3 Short Blades
 + Level 3.0 Dodging
 + Level 6.5 Stealth
 - Level 2.0 Spellcasting
 + Level 5.5 Hexes
 + Level 2.1 Ice Magic


You had 3 spell levels left.
You knew the following spells:

 Your Spells              Type           Power      Damage    Failure   Level
a - Ensorcelled Hibernat  Hex/Ice        50%        N/A       4%          2
b - Confusing Touch       Hex            36%        N/A       4%          3

Your spell library contained the following spells:

 Spells                   Type           Power      Damage    Failure   Level
 Tukima's Dance           Hex            36%        N/A       4%          3
 Dazzling Flash           Conj/Hex       38%        N/A       16%         3
 Blade Hands              Tmut           1%         N/A       99%         5
 Irradiate                Conj/Tmut      1%         3d12      99%         5
 Dragon Form              Tmut           1%         N/A       100%        7
 Borgnjor's Revivificati  Necr           Unusable   N/A       N/A         8
 Necromutation            Tmut/Necr      Unusable   N/A       N/A         8
 Death's Door             Necr           Unusable   N/A       N/A         9

Dungeon Overview and Level Annotations

Branches:
Dungeon (4/15)
 Temple: D:4-7

Altars:
Makhleb
Ru


Innate Abilities, Weirdness & Mutations

You do not regenerate when monsters are visible.
You are frail without blood (-20% HP).
You can heal yourself when you bite living creatures.
You are immune to poison.
You have razor-sharp teeth.
You have supernaturally acute eyesight. (SInv)
You are afflicted with vampirism and can become a bat while bloodless.


Message History

Aiming: Ensorcelled Hibernation (safe; 5% risk of failure)
Press: ? - help, Shift-Dir - straight line, f/p - orc wizard
Aim: an orc wizard, wielding a +0 dagger and wearing a +0 robe (chance to affect: 50%)
The orc wizard looks drowsy...
The orc closely misses you. The orc misses you. The orc closely misses you.
The helpless orc wizard fails to defend itself.
You bite the orc wizard, and draw its blood!
You impale the orc wizard!!
You kill the orc wizard!
The orc barely misses you. The orc closely misses you.
The orc hits you with a +0 club. The orc misses you.
Your Dodging skill increases to level 3!
You barely miss the orc. The orc barely misses you.
The orc hits you with a +0 club.
The orc hits you with a +2 vorpal flail.
The orc closely misses you.
You closely miss the orc. Your bite misses the orc. The orc misses you.
The orc hits you but does no damage. The orc closely misses you.
You hit the orc priest. You bite the orc priest.
You draw the orc priest's blood!
You feel better.
The orc priest is moderately wounded.
The orc priest hits you but does no damage.
The orc closely misses you.
An endoplasm comes into view.
The orc hits you from afar with a +0 trident.
The orc misses you. The orc closely misses you.
You hit the orc priest.
The orc priest is severely wounded.
The orc closely misses you. The orc misses you.
The orc priest hits you with a +0 hand axe.
The orc misses you.
The orc hits you from afar with a +0 trident!
* * * LOW HITPOINT WARNING * * *
It was a potion of brilliance.
You feel clever all of a sudden.
The orc priest begins to cast a cantrip, but forgets the words!
The orc hits you with a +2 vorpal flail.
* * * LOW HITPOINT WARNING * * *
x2 The orc hits you from afar with a +0 trident.
You die...

..... #...##........
.....#####.......†)... #
.......#..###......## ..
.........# ######.## ...
#.......## ##.... ....
#........# ###.....
#..J#........###...#...
.#....oo............#...
.....oo@............#...
.....o###...............
..... ##...#..........
..#. ......#...##..#. .
# ......##....####.
.......###.### ##
.......# #.# ##


You could see an orc priest, 4 orcs and an endoplasm.

Vanquished Creatures
  A jelly (D:4)
  An iguana (D:4)
  An orc wizard (D:4)
  6 adders
  A worm (D:3)
  2 dart slugs (D:1)
  An orc (D:3)
  6 endoplasms
  2 giant cockroaches
  6 goblins
  3 hobgoblins
  2 jackals (D:4)
  A quokka (D:1)
  4 ball pythons
  7 bats
  6 frilled lizards
  12 kobolds
  9 rats
71 creatures vanquished.

Vanquished Creatures (others)
  A plant (D:1)
1 creature vanquished.

Grand Total: 72 creatures vanquished

Notes
Turn   | Place    | Note
-------+----------+-------------------------------------------
     0 | D:1      | monsoonserge the Vampire Enchanter began the quest for the
                  | Orb.
     0 | D:1      | Reached XP level 1. HP: 13/13 MP: 3/3
   182 | D:1      | Reached XP level 2. HP: 15/19 MP: 5/5
   279 | D:1      | Learned a level 2 spell: Ensorcelled Hibernation
   374 | D:1      | Reached skill level 5 in Hexes
   469 | D:1      | Reached skill level 5 in Stealth
   513 | D:1      | Found a faded altar of an unknown god.
  1149 | D:2      | Gained mutation: You are afflicted with vampirism and can
                  | become a bat while bloodless. [Vampire growth]
  1149 | D:2      | Reached XP level 3. HP: 24/24 MP: 6/6
  1338 | D:2      | Reached skill level 1 in Ice Magic
  1353 | D:2      | HP: 1/25 [poisoned by an adder]
  1568 | D:2      | Reached XP level 4. HP: 31/31 MP: 7/7
  1574 | D:2      | Learned a level 3 spell: Confusing Touch
  2640 | D:3      | Reached skill level 6 in Stealth
  2650 | D:3      | Found a sacrificial altar of Ru.
  3124 | D:4      | Noticed a scorpion
  3126 | D:4      | Found a burning altar of Makhleb.
  3197 | D:4      | Reached XP level 5. HP: 28/28 MP: 0/8
  3281 | D:4      | Reached skill level 1 in Fighting
  3292 | D:4      | HP: 1/29 [orc/+2 vorpal flail (1)]
  3292 | D:4      | Slain by an orc

Illustrated notes

Levels and vault maps discovered:
D:1:      dpeg_arrival_pond, layout_basic, serial_forest,
          infiniplex_forest_pool, infiniplex_forest_zigzag_1,
          infiniplex_forest_clump_double, infiniplex_forest_lined_2,
          infiniplex_forest_straight_2, infiniplex_forest_clump_tiny,
          infiniplex_forest_zigzag_1, infiniplex_forest_lined_room_2,
          chequers_ecumenical_altar_grove, grunt_decor_one_mirror,
          minmay_misc_feat_x
D:2:      layout_rooms
D:3:      layout_basic, general_overflow_altar, lemuel_tele_altar,
          kennysheep_path_1
D:4:      minmay_angry_zag, layout_cave_pools, mainiacjoe_overflow_brackets,
          gammafunk_ghost_smash

Skill      XL: |  1  2  3  4  5 |
---------------+----------------+-----
Hexes          | 5 |  5.5
Stealth        | 5 6 |  6.5
Ice Magic      | 1 2 |  2.1
Short Blades   | 2 |  2.3
Fighting       | 1 |  1.0
Dodging        | 3 |  3.0
Spellcasting   | |  2.0

Action                   |  1- 3 |  4- 6 || total
-------------------------+-------+-------++-------
Melee: Dagger            |   123 |    80 ||   203
       Bite              |    11 |     7 ||    18
       Punch             |       |     3 ||     3
Throw: Stone             |       |     1 ||     1
 Cast: Ensorcelled Hiber |     7 |    24 ||    31
 Abil: Exsanguinate      |       |     1 ||     1
  Use: Potion            |     1 |     1 ||     2
 Stab: Sleeping          |    11 |    18 ||    29
Armor: Robe              |    16 |    24 ||    40
Dodge: Dodged            |    78 |    62 ||   140
